Map: Central Protocol

Players

Zanster - Winner!

  • Race: Zerg Zerg

Dayshi

  • Race: Terran Terran
  • League: Grandmaster

Event: Homestory Cup XII

VOD

https://youtu.be/7AR1ApHJf-c

Description

Time

  • Played on: Dec. 17, 2015, 8:46 a.m.
  • Length: 15:22

All games in this series

Show
View Real Time Build Order
Export as new Build Order

Zanster Zerg - Winner!

Build Orders: Hatch First 

Get SALT Encoding   

  12  0:00  Drone  
  13  0:13  Overlord  
  13  0:16  Drone  
  14  0:31  Drone x2  
  16  0:36  Drone  
  17  0:54  Hatchery  
  17  0:55  Drone  
  17  0:59  Drone  
  18  1:06  Extractor  
  18  1:08  Drone  
  18  1:19  Spawning Pool  
  18  1:20  Drone  
  18  1:29  Drone  
  19  1:40  Overlord  
  19  2:05  Queen x2  
  19  2:06  Zergling x2  
  19  2:07  Zergling x4  
  19  2:08  Metabolic Boost  
  26  2:15  Drone  
  27  2:17  Drone  
  28  2:24  Drone  
  29  2:32  Drone  
  29  2:34  Drone  
  31  2:41  Overlord, Queen  
  33  2:46  Drone  
  33  2:50  Drone  
  35  2:55  Drone  
  36  3:00  Drone  
  37  3:06  Hatchery  
  37  3:08  Drone  
  37  3:10  Drone  
  38  3:16  Drone x3  
  38  3:19  Drone  
  42  3:21  Drone  
  42  3:24  Overlord  
  43  3:27  Drone  
  44  3:37  Lair  
  44  3:40  Roach Warren, Drone  
  43  3:44  Extractor  
  43  3:46  Extractor  
  41  3:49  Drone x4  
  41  3:52  Overlord  
  41  3:53  Drone  
  41  3:55  Drone  
  47  3:59  Drone  
  47  4:02  Drone x2  
  50  4:03  Drone  
  50  4:08  Overlord  
  51  4:13  Drone  
  51  4:16  Evolution Chamber  
  51  4:18  Evolution Chamber  
  51  4:20  Queen  
  51  4:22  Roach x2  
  51  4:23  Roach  
  58  4:26  Drone  
  58  4:29  Roach  
  61  4:32  Drone x3  
  61  4:34  Drone  
  61  4:36  Drone  
  66  4:38  Overseer  
  66  4:40  Drone  
  66  4:42  Drone  
  68  4:46  Drone  
  68  4:49  Roach x2  
  68  4:52  Overlord  
  73  4:53  Overlord  
  70  5:00  Overlord  
  70  5:07  Overlord  
  70  5:14  Roach x4  
  74  5:16  Zerg Ground Armor Level 1  
  74  5:19  Overlord  
  78  5:24  Drone x4  
  79  5:31  Queen  
  79  5:33  Zerg Melee Weapons Level 1  
  79  5:34  Drone  
  83  5:35  Drone  
  83  5:38  Drone  
  83  5:39  Drone  
  83  5:41  Drone  
  86  5:43  Drone x2  
  86  5:46  Drone  
  89  5:51  Overlord  
  89  5:53  Glial Reconstitution  
  89  5:55  Extractor  
  88  6:02  Baneling Nest  
  88  6:03  Overlord  
  87  6:05  Drone  
  87  6:07  Drone  
  87  6:10  Drone x2  
  87  6:11  Zergling x12  
  92  6:13  Overlord  
  92  6:14  Overlord  
  92  6:18  Extractor  
  96  6:19  Overlord  
  96  6:26  Overlord  
  96  6:33  Zergling x4  
  96  6:34  Zergling x4  
  96  6:36  Overlord  
  99  6:42  Overlord  
  99  6:44  Drone x2  
  99  6:45  Drone  
  101  6:47  Overlord  
  101  6:52  Centrifical Hooks  
  101  6:53  Drone  
  102  6:58  Roach, Zergling x10  
  102  6:59  Overlord  
  109  7:07  Drone  
  110  7:09  Hatchery  
  110  7:15  Hatchery  
  108  7:16  Overlord  
  108  7:19  Roach x4, Zergling x2  
  108  7:20  Zerg Ground Armor Level 2, Zergling x6  
  108  7:22  Overlord  
  120  7:26  Baneling x9  
  120  7:30  Overlord  
  120  7:36  Zergling x6  
  120  7:37  Zerg Melee Weapons Level 2, Zergling x4  
  125  7:40  Overlord  
  125  7:45  Baneling  
  125  7:46  Baneling x5  
  125  7:56  Zergling x6  
  121  8:08  Zergling x2  
  121  8:09  Zergling x22  
  127  8:19  Spire  
  118  8:27  Queen  
  118  8:32  Queen  
  112  8:34  Roach x4, Zergling x6  
  112  8:35  Zergling x4  
  122  8:42  Zergling x8  
  122  8:43  Zergling x14  
  122  8:48  Overlord  
  133  8:53  Overlord  
  133  8:54  Baneling  
  133  8:55  Baneling x6  
  131  8:59  Drone x7  
  137  9:09  Roach, Zergling x2  
  143  9:10  Zergling x12  
  143  9:16  Roach, Zergling x6  
  151  9:18  Drone  
  151  9:25  Zergling x10  
  151  9:27  Overlord  
  148  9:43  Zergling x2  
  148  9:44  Zergling x24  
  148  9:45  Zergling x2  
  157  9:54  Drone  
  157  9:55  Drone x4  
  148  10:00  Zergling x12  
  150  10:07  Zergling x6  
  150  10:10  Baneling  
  150  10:11  Baneling x12  
  146  10:19  Zergling x2  
  146  10:20  Zergling x8  
  150  10:30  Zergling x6  
  150  10:31  Zergling x22  
  157  10:40  Baneling x12  
  157  10:41  Baneling x7  
  149  10:44  Drone x2  
  149  10:56  Drone  
  149  11:06  Ravager x7  
  149  11:07  Zergling x12  
  149  11:08  Zergling x16  
  156  11:25  Zergling x24  
  152  11:26  Ravager  
  152  11:27  Ravager x2  
  136  11:44  Zergling x14  
  116  12:05  Zergling x2  
  116  12:06  Zergling x22  
  98  12:17  Zergling x8  
  96  12:28  Roach x4  
  93  12:38  Baneling  
  93  12:39  Baneling x5  
  92  12:45  Roach, Zergling x2  
  92  12:46  Zergling x10  
  99  12:51  Baneling  
  99  12:52  Baneling  
  92  13:03  Zergling x20  
  91  13:08  Zergling x2  
  85  13:17  Roach  
  85  13:18  Zergling x4  
  84  13:21  Roach  
  84  13:22  Roach  
  84  13:26  Roach x2  
  83  13:29  Roach x3  
  81  13:35  Roach x4  
  89  13:45  Ravager x3  
  88  13:52  Hatchery, Roach, Zergling x10  
  91  13:56  Ravager x8  
  91  13:57  Ravager  
  99  14:14  Drone x5  
  99  14:30  Ravager x2  
  99  14:31  Ravager x2  
  102  14:40  Zergling x2  
  102  14:41  Zergling x8  
  105  14:50  Roach  
  96  15:00  Zergling x4  
Show
View Real Time Build Order
Export as new Build Order

Dayshi Terran 

Build Orders: Command Center First (CC), MMM Bio 

Get SALT Encoding   

  12  0:00  SCV  
  13  0:13  SCV  
  14  0:18  Supply Depot  
  14  0:25  SCV  
  15  0:39  SCV  
  16  0:51  SCV  
  17  1:01  Command Center  
  17  1:03  SCV  
  18  1:12  Barracks  
  18  1:15  SCV  
  19  1:28  SCV  
  19  1:29  Barracks  
  20  1:40  SCV  
  20  1:42  Barracks  
  21  1:53  Refinery  
  21  1:59  Orbital Command  
  21  2:00  Marine  
  22  2:12  Orbital Command  
  22  2:16  Marine  
  22  2:17  Marine  
  24  2:25  SCV  
  24  2:29  Barracks Tech Lab  
  25  2:32  Supply Depot  
  25  2:36  Marine x2  
  27  2:37  SCV  
  27  2:39  SCV  
  27  2:43  Refinery  
  29  2:47  Marine  
  29  2:49  SCV  
  31  2:54  Marine x2  
  31  2:56  SCV  
  34  3:03  Combat Shields  
  34  3:05  SCV, Marine  
  35  3:08  SCV  
  35  3:12  Supply Depot  
  37  3:13  Marine  
  37  3:14  Marine  
  37  3:17  SCV  
  40  3:23  Supply Depot  
  40  3:27  SCV  
  40  3:29  SCV  
  40  3:30  Marine  
  40  3:31  Marine x2  
  45  3:42  SCV  
  45  3:43  SCV, Factory  
  45  3:47  Marine  
  48  3:49  Marine  
  48  3:52  Marine  
  48  3:55  SCV x2  
  51  4:05  Bunker, Marine  
  51  4:06  Supply Depot  
  51  4:07  SCV  
  51  4:08  SCV, Barracks Reactor  
  54  4:11  Barracks Reactor  
  54  4:19  SCV  
  54  4:20  SCV  
  54  4:23  Stimpack  
  56  4:27  Marine  
  56  4:29  Command Center  
  56  4:31  SCV  
  58  4:32  SCV  
  58  4:34  Factory Reactor, Starport  
  59  4:43  Engineering Bay x2  
  59  4:45  Refinery  
  59  4:46  Refinery  
  59  4:47  SCV  
  59  4:48  SCV  
  61  4:57  Marine x4  
  61  4:59  SCV  
  66  5:01  SCV  
  67  5:11  SCV  
  67  5:13  SCV  
  67  5:17  Marine  
  67  5:18  Marine x2  
  70  5:21  Marine  
  70  5:24  Supply Depot, Marine  
  70  5:25  SCV  
  70  5:26  SCV  
  70  5:28  Factory Tech Lab  
  69  5:30  Medivac  
  69  5:32  Terran Infantry Armor Level 1  
  69  5:35  Marine  
  69  5:36  Marine  
  69  5:39  Terran Infantry Weapons Level 1  
  69  5:40  Marine  
  69  5:41  Medivac  
  69  5:42  SCV x2  
  75  5:43  Marine x2  
  75  5:44  Orbital Command  
  75  5:53  Marine  
  75  5:54  Marine  
  75  5:56  Barracks  
  77  5:58  Marine  
  77  5:59  Barracks  
  78  6:05  Medivac  
  78  6:07  Siege Tank  
  78  6:10  Medivac  
  85  6:14  Marine x4  
  85  6:17  Marine  
  90  6:23  Armory  
  90  6:31  Marine  
  90  6:32  Marine x3  
  93  6:38  Marine  
  92  6:40  SCV x2  
  92  6:42  Orbital Command  
  94  6:48  Medivac x2  
  94  6:49  Marine x3  
  94  6:50  Barracks Reactor x2  
  94  6:52  SCV  
  101  6:56  Supply Depot  
  101  6:58  SCV, Marine x2  
  101  7:00  Supply Depot  
  104  7:01  Supply Depot  
  104  7:04  SCV  
  104  7:07  Marine x3  
  108  7:11  SCV  
  103  7:16  Marine x2  
  103  7:24  Siege Tank, Medivac  
  103  7:25  Marine x2, Medivac  
  103  7:28  SCV x3  
  116  7:32  Marine  
  116  7:34  Marine  
  116  7:35  Terran Infantry Weapons Level 2  
  117  7:41  Bunker  
  117  7:47  Marine x5  
  117  7:48  Marine x2  
  117  7:49  Terran Infantry Armor Level 2  
  117  7:50  Marine  
  124  7:52  Marine  
  117  8:05  Marine x7  
  109  8:08  SCV  
  109  8:09  SCV  
  109  8:10  Marine x2  
  113  8:23  Marine x4  
  115  8:28  Marine x5  
  115  8:30  Medivac x2  
  115  8:31  Siege Tank  
  119  8:40  Marine x2  
  119  8:41  Marine  
  119  8:42  SCV  
  119  8:47  Marine x4  
  119  8:48  Command Center, Marine x2  
  126  8:53  Liberator x2  
  123  8:58  Marine x3  
  130  9:05  Marine x5  
  130  9:06  Siege Tank, Marine  
  139  9:14  Supply Depot x2  
  139  9:16  Refinery  
  141  9:18  Refinery  
  141  9:32  Marine x3  
  141  9:35  Marine x5  
  141  9:36  Marauder  
  147  9:40  Command Center  
  143  9:50  Marine x3  
  140  9:52  Marine  
  140  9:53  Marine x4  
  140  9:57  Marine  
  140  9:59  Siege Tank  
  129  10:08  Marine x3  
  129  10:10  Marine  
  129  10:11  Marine x4  
  135  10:14  Marine  
  135  10:17  Terran Infantry Weapons Level 3  
  136  10:25  Marine x3  
  136  10:28  Marine  
  138  10:29  Marine x4  
  138  10:31  Siege Tank  
  138  10:32  Marine  
  138  10:35  Liberator x2  
  132  10:36  SCV x3  
  131  10:43  Marine x3  
  131  10:46  Marine  
  131  10:47  Marine x4  
  131  10:48  SCV  
  138  10:50  Marine  
  144  11:01  Marine x3  
  144  11:04  Marine x5  
  147  11:08  Marine  
  153  11:12  Ghost Academy  
  153  11:15  Barracks  
  153  11:19  Marine x3  
  153  11:22  Marine x5  
  155  11:26  Marine  
  151  11:37  Marine x3  
  151  11:39  Marine  
  138  11:40  Siege Tank, Marine x4  
  138  11:43  Planetary Fortress  
  138  11:44  Marine  
  129  11:54  Marine x2  
  129  11:57  Marine  
  129  11:58  Marine x3  
  97  12:01  Marine  
  97  12:03  Orbital Command  
  97  12:08  Marine  
  67  12:09  Marine  
  67  12:12  Marine  
  58  12:16  Marine  
  58  12:19  Marine  
  52  12:25  SCV  
  52  12:26  SCV, Marine  
  52  12:30  Marine  
  52  12:34  Medivac  
  55  12:37  Marine  
  55  12:42  Siege Tank  
  55  12:43  Marine  
  60  12:46  Marine  
  60  12:55  Marine  
  57  13:01  Marine  
  57  13:04  Marine  
  49  13:13  Marine  
  49  13:19  Marine  
  50  13:22  Marine  
  50  13:23  SCV  
  48  13:29  Siege Tank  
  48  13:30  Marine  
  48  13:32  SCV  
  54  13:35  SCV  
  54  13:37  Marine  
  54  13:40  Marine  
  59  13:48  Marine  
  59  13:55  Marine  
  61  13:57  Marine  
  63  14:10  Orbital Command  
  53  14:21  SCV x2  
  55  14:24  Barracks  
  40  14:32  Orbital Command  
  41  14:39  Factory Tech Lab  
  41  14:44  Marine x2, Starport Reactor  
  41  14:45  Marine  
  40  14:48  SCV x2  
  30  15:00  SCV x2  
  30  15:03  Marine  
Tags
 
Add a new tag
Caveats
  • Supply blocks, unpowered buildings, or Contaminate may cause inaccurate times.
  • Supply counts are checked every 10 seconds.